 Dungeon Crawl Stone Soup version 0.25-a0-705-ge9988fc0fb (webtiles) character file.

Game seed: 8425980722373669019, levelgen mode: deterministic

17837 Zagbor the Geomancer (level 12, -10/79 HPs)
             Began as a Gargoyle Earth Elementalist on Apr 4, 2020.
             Was a High Priest of Vehumet.
             Mangled by an enormous slime creature (58 damage)
             ... on level 12 of the Dungeon.
             The game lasted 00:45:33 (12521 turns).

Zagbor the Geomancer (Gargoyle Earth Elementalist) Turns: 12521, Time: 00:45:33

Health: -10/79     AC: 21    Str: 12    XL:     12   Next: 52%
Magic:  16/23      EV: 13    Int: 36    God:    Vehumet [*****.]
Gold:   384        SH:  0    Dex: 10    Spells: 17/26 levels left

rFire    + . .     SeeInvis +   I - +7 rapier "Xatzuri" {drain, Int+4 SInv}
rCold    + . .     Gourm    .   (no shield)
rNeg     + . .     Faith    .   h - +6 leather armour of Tender Moments {*Drain rPois Int+9 Stlth+}
rPois    ∞         Spirit   .   (helmet restricted)
rElec    +         Reflect  .   E - scarf {rC+ rF+}
rCorr    .         Harm     .   H - +0 pair of gloves
MR       +....                  (no boots)
Stlth    ++++......             (no amulet)
HPRegen  0.23/turn              C - ring of stealth
MPRegen  0.18/turn              A - ring of protection from magic

@: no status effects
A: beak, yellow scales 1, clever 1, negative energy resistance 1, robust 1,
electricity resistance, unbreathing, petrification resistance, rot immunity, AC
+8
a: Renounce Religion


You were on level 12 of the Dungeon.
You worshipped Vehumet.
Vehumet was extremely pleased with you.
You were not hungry.

You visited 2 branches of the dungeon, and saw 13 of its levels.
You also visited: Ossuary.

You collected 573 gold pieces.
You spent 189 gold pieces at shops.

Inventory:

Hand Weapons
 G - a +0 morningstar
 I - the +7 rapier "Xatzuri" (weapon) {drain, Int+4 SInv}
   (You found it on level 11 of the Dungeon)

   A truly terrible weapon, it drains the life of those it strikes.
   It affects your intelligence (+4).
   It lets you see invisible.
Missiles
 b - 189 stones (quivered)
Armour
 h - the +6 leather armour of Tender Moments (worn) {*Drain rPois Int+9 Stlth+}
   (You found it on level 11 of the Dungeon)

   It affects your intelligence (+9).
   It protects you from poison.
   It causes draining when unequipped.
   It makes you more stealthy.
 s - a +2 cloak
 w - the +5 robe of Night {Dark MR+ SInv}
   (You found it on level 6 of the Dungeon)

   It affects your resistance to hostile enchantments.
   It lets you see invisible.
 E - a scarf of resistance (worn)
 H - a +0 pair of gloves (worn)
Magical Staves
 y - an uncursed staff of fire
Jewellery
 e - an uncursed amulet of faith {unknown}
 p - an uncursed ring of flight
 A - a ring of protection from magic (right hand)
 C - a ring of stealth (left hand)
 K - an uncursed ring of ice
Wands
 f - a wand of random effects (35)
 l - a wand of digging (13)
 z - a wand of iceblast (11)
Scrolls
 c - 3 scrolls of amnesia
 g - 3 scrolls of immolation
 n - 6 scrolls of teleportation
 q - a scroll of enchant armour
 t - 3 scrolls of enchant weapon
 u - 3 scrolls of fear
 B - 5 scrolls of remove curse
 J - 2 scrolls of blinking
Potions
 a - 2 potions of flight
 i - a potion of resistance
 j - a potion of mutation
 k - 4 potions of curing
 m - 2 potions of lignification
 r - a potion of magic
 v - 2 potions of heal wounds
 x - 4 potions of brilliance
 D - 2 potions of ambrosia
 F - a potion of cancellation
Comestibles
 d - 26 rations
 o - 2 chunks of flesh


   Skills:
 + Level 7.3 Fighting
 + Level 6.7 Maces & Flails
 - Level 6.0 Armour
 + Level 5.7 Dodging
 - Level 2.1 Stealth
 + Level 7.9 Spellcasting
 + Level 8.7 Conjurations
   Level 0.7 Transmutations
 + Level 10.5 Earth Magic
 - Level 6.0 Evocations


You had 17 spell levels left.
You knew the following spells:

 Your Spells              Type           Power        Failure   Level  Hunger
a - Sandblast             Erth           ######       1%          1    None
b - Stone Arrow           Conj/Erth      ######       1%          3    None
c - Lee's Rapid Deconstr  Erth           ######....   1%          5    ###....

Your spell library contained the following spells:

 Spells                   Type           Power        Failure   Level  Hunger
 Spellforged Servitor     Conj/Summ      #####.....   73%         7    ######.
 Passwall                 Tmut/Erth      ######..     1%          2    None
 Corona                   Hex            ##.....      3%          1    None
 Inner Flame              Hex/Fire       ##......     3%          3    None
 Petrify                  Tmut/Erth      ######..     3%          4    None
 Leda's Liquefaction      Hex/Erth       ######....   4%          4    None
 Slow                     Hex            ##......     5%          2    None
 Confusing Touch          Hex            ##......     11%         3    None
 Gell's Gravitas          Tloc           ##........   11%         3    None
 Portal Projectile        Hex/Tloc       ##....       11%         3    None
 Yara's Violent Unravell  Hex/Tmut       ###.......   21%         5    ###....
 Cause Fear               Hex            ##........   34%         4    None
 Metabolic Englaciation   Hex/Ice        ##........   69%         5    ###....


Dungeon Overview and Level Annotations

Branches:
Dungeon (12/15)            Temple (1/1) D:5            Lair (0/6) D:10
    Orc (0/2) D:10        Ossuary (visited)

Altars:
Ashenzari
Cheibriados
Dithmenos
Elyvilon
Fedhas
Gozag
Hepliaklqana
Kikubaaqudgha
Makhleb
Nemelex Xobeh
Okawaru
Qazlal
Ru
Sif Muna
Trog
Uskayaw
Vehumet
Wu Jian
Xom
Yredelemnul
Zin
The Shining One

Shops:
D:4 :   D:6 [?

Annotations:
D:6 3 runed translucent doors, anet's ghost, novice DEWz


Innate Abilities, Weirdness & Mutations

You are resistant to torment.
Your stone body is resilient. (AC +8)
You are immune to poison.
You resist negative energy. (rN+)
You are resistant to electric shocks. (rElec)
You can survive without breathing.
You are immune to petrification.
You are immune to rotting.
You have a beak for a mouth.
You are partially covered in yellow scales. (AC +2)
Your mind is acute. (Int +2)
You are robust. (+10% HP)


Message History

Casting: Sandblast (safe; 1% risk of failure)
Confirm with . or Enter, or press ? or * to list all spells.
Aiming: Sandblast (safe; 1% risk of failure)
Press: ? - help, Shift-Dir - straight line, f/p - enormous slime creature
Aim: an enormous slime creature (moderately wounded)
The blast of sand hits the enormous slime creature!!
The enormous slime creature is heavily wounded.
b - 190 stones The enormous slime creature closely misses you.
Casting: Sandblast (safe; 1% risk of failure)
Confirm with . or Enter, or press ? or * to list all spells.
Aiming: Sandblast (safe; 1% risk of failure)
Press: ? - help, Shift-Dir - straight line, f/p - enormous slime creature
Aim: an enormous slime creature (heavily wounded)
The blast of sand hits the enormous slime creature.
The enormous slime creature is heavily wounded.
b - 189 stones The enormous slime creature hits you!!!
Ouch! That really hurt!
You die...

#.....#...#.....<..
#.....#...#........
#.....#...#........
#####.....#.###........
#..((...###.#######....
#.......#.........#.[..
#.......#.........#.... J
#.......###.#..#..#....
.J.########@...######.>##'##
....J.....#J...# #.......#
..J.....J.'....# #.....÷.#
###########....# #########
###### #


You could see an enormous slime creature.

Vanquished Creatures
  Jorgrun (D:12)
  Fannar (D:12)
  2 hydras
  2 unseen horrors (D:10)
  Pikel (D:7)
  2 ugly things
  A cyclops (D:12)
  4 gargoyles
  2 slime creatures (D:12)
  2 hippogriffs
  2 dream sheep (D:9)
  Sigmund (D:3)
  A shadow (D:11)
  13 yaks
  3 hungry ghosts
  2 vampire mosquitoes (D:12)
  A soldier ant (D:11)
  Duvessa (D:7)
  2 sky beasts
  An ice beast (D:6)
  2 slaves (D:7)
  3 orc warriors
  A necrophage (D:3)
  4 phantoms
  3 black bears
  7 centaurs
  4 ogres
  6 big kobolds
  Blork the orc (D:5)
  9 bullfrogs
  Dowan (D:7)
  A wyvern zombie (D:6)
  8 scorpions
  A wyvern skeleton (D:10)
  5 howler monkeys
  6 crimson imps
  2 jellies
  A quasit (D:9)
  Crazy Yiuf (D:2)
  6 hounds
  5 orc priests
  2 centaur skeletons (D:7)
  Ijyb (D:3)
  3 iguanas
  6 orc wizards
  5 worker ants
  5 big kobold zombies (Ossuary)
  A hound zombie (D:9)
  A hound skeleton (D:9)
  A mummy (Ossuary)
  A worker ant zombie (D:8)
  4 gnolls (D:4)
  15 adders
  2 oozes
  2 adder zombies
  3 adder skeletons
  A worm (D:2)
  2 dart slugs
  5 leopard geckos
  27 orcs
  7 spectral bats (Ossuary)
  2 ball pythons (D:2)
  9 bats
  5 giant cockroaches
  7 gnoll zombies (Ossuary)
  9 goblins
  12 hobgoblins
  14 jackals
  28 kobolds
  4 quokkas
  3 bat simulacra (Ossuary)
  11 frilled lizards
  2 goblin simulacra (Ossuary)
  3 goblin zombies (Ossuary)
  6 hobgoblin zombies (Ossuary)
  4 kobold simulacra (Ossuary)
  5 kobold zombies (Ossuary)
  A leopard gecko skeleton (D:5)
  4 orc zombies (Ossuary)
  A quokka zombie (D:7)
  2 rats
  4 rat simulacra (Ossuary)
  A spectral goblin (Ossuary)
  3 spectral kobolds (Ossuary)
  2 spectral rats (Ossuary)
  A butterfly (D:5)
359 creatures vanquished.

Vanquished Creatures (others)
  A slave (D:7)
  A worker ant (D:7)
2 creatures vanquished.

Grand Total: 361 creatures vanquished

Notes
Turn   | Place    | Note
-------+----------+-------------------------------------------
     0 | D:1      | Zagbor the Gargoyle Earth Elementalist began the quest for
                  | the Orb.
     0 | D:1      | Reached XP level 1. HP: 10/10 MP: 3/3
   163 | D:1      | Reached skill level 4 in Earth Magic
   163 | D:1      | Reached XP level 2. HP: 5/15 MP: 1/5
   806 | D:1      | Reached XP level 3. HP: 17/19 MP: 6/6
  1550 | D:2      | Learned a level 3 spell: Stone Arrow
  1748 | D:2      | Found a radiant altar of Vehumet.
  1757 | D:2      | Became a worshipper of Vehumet
  1913 | D:2      | Reached XP level 4. HP: 23/24 MP: 8/8
  2115 | D:2      | Found a runed translucent door.
  2116 | D:2      | Noticed Crazy Yiuf
  2121 | D:2      | Killed Crazy Yiuf
  2121 | D:2      | Reached skill level 1 in Conjurations
  2121 | D:2      | Reached skill level 5 in Earth Magic
  2345 | D:3      | Noticed Ijyb
  2366 | D:3      | Killed Ijyb
  2366 | D:3      | Reached XP level 5. HP: 27/28 MP: 0/10
  2377 | D:3      | Learned a level 5 spell: Lee's Rapid Deconstruction
  2694 | D:3      | Noticed a necrophage
  2721 | D:3      | Killed a necrophage
  2721 | D:3      | Reached XP level 6. HP: 12/32 MP: 5/11
  2951 | D:3      | Reached * piety under Vehumet
  2951 | D:3      | Offered knowledge of Foxfire by Vehumet.
  3301 | D:3      | Noticed Sigmund
  3623 | D:3      | Killed Sigmund
  3623 | D:3      | Reached skill level 6 in Earth Magic
  3623 | D:3      | Reached XP level 7. HP: 36/36 MP: 6/13
  3891 | D:4      | Reached ** piety under Vehumet
  3891 | D:4      | Offered knowledge of Shock by Vehumet.
  3968 | D:4      | Found Kogedueb's Book Shop.
  4011 | D:4      | Found a blossoming altar of Fedhas.
  4013 | D:4      | Found an ancient bone altar of Kikubaaqudgha.
  4016 | D:4      | Got a steaming leather armour
  4028 | D:4      | Identified the +3 leather armour of the Trombone {*Drain
                  | rN+ MR+ Dex+4} (You found it on level 4 of the Dungeon)
  4509 | D:4      | Found an opulent altar of Gozag.
  4528 | D:4      | Found a hide-covered altar of Uskayaw.
  4832 | D:4      | Reached skill level 1 in Armour
  5003 | D:5      | Entered Level 5 of the Dungeon
  5074 | D:5      | Found a basalt altar of Yredelemnul.
  5095 | D:5      | Reached XP level 8. HP: 37/42 MP: 15/15
  5133 | D:5      | Reached skill level 1 in Fighting
  5133 | D:5      | Reached skill level 1 in Maces & Flails
  5133 | D:5      | Reached skill level 7 in Earth Magic
  5143 | D:5      | Noticed Blork the orc
  5154 | D:5      | Killed Blork the orc
  5154 | D:5      | Reached skill level 5 in Spellcasting
  5207 | D:5      | Reached skill level 1 in Evocations
  5277 | D:5      | Offered knowledge of Static Discharge by Vehumet.
  5409 | D:5      | Found a staircase to the Ecumenical Temple.
  5414 | Temple   | Entered the Ecumenical Temple
  5573 | D:5      | Reached skill level 5 in Conjurations
  6010 | D:6      | Found a glowing silver altar of Zin.
  6058 | D:6      | Found a runed translucent gate.
  6058 | D:6      | Found a runed translucent gate.
  6058 | D:6      | Found a runed translucent gate.
  6059 | D:6      | Noticed anet's ghost (novice DEWz)
  6081 | D:6      | Reached XP level 9. HP: 37/49 MP: 17/17
  6197 | D:6      | Found Amoiden's Magic Scroll Shoppe.
  6207 | D:6      | Bought a scroll of identify for 28 gold pieces
  6207 | D:6      | Bought a scroll of fear for 49 gold pieces
  6207 | D:6      | Bought a scroll of identify for 28 gold pieces
  6207 | D:6      | Bought a scroll of teleportation for 42 gold pieces
  6244 | D:6      | Reached *** piety under Vehumet
  6307 | D:6      | Found the +5 robe of Night {Dark MR+ SInv}
  6532 | D:6      | Found Beenteabb's Armour Boutique.
  6670 | D:7      | Noticed Duvessa
  6670 | D:7      | Noticed Dowan
  6677 | D:7      | Killed Duvessa
  6678 | D:7      | Killed Dowan
  6771 | D:7      | Offered knowledge of Iskenderun's Mystic Blast by Vehumet.
  6881 | D:7      | Found a sand-covered staircase.
  6894 | D:7      | Reached skill level 8 in Earth Magic
  6897 | Ossuary  | Entered an ossuary
  7157 | Ossuary  | Reached **** piety under Vehumet
  7270 | Ossuary  | Gained mutation: Your mind is acute. (Int +2) [potion of
                  | mutation]
  7270 | Ossuary  | Gained mutation: You are partially covered in yellow
                  | scales. (AC +2) [potion of mutation]
  7270 | Ossuary  | Gained mutation: You have a beak for a mouth. [potion of
                  | mutation]
  7270 | Ossuary  | Gained mutation: You are robust. (+10% HP) [potion of
                  | mutation]
  7327 | Ossuary  | Offered knowledge of Frozen Ramparts by Vehumet.
  7622 | D:6      | Bought a scroll of remove curse for 42 gold pieces
  7736 | D:7      | Noticed Pikel
  7748 | D:7      | Killed Pikel
  7931 | D:7      | Reached XP level 10. HP: 29/61 MP: 13/19
  8848 | D:9      | Reached ***** piety under Vehumet
  8919 | D:9      | Found a burning altar of Makhleb.
  8943 | D:9      | Found a glowing golden altar of the Shining One.
  8954 | D:9      | Found a shimmering blue altar of Sif Muna.
  8968 | D:9      | Found a stormy altar of Qazlal.
  8973 | D:9      | Found a shimmering altar of Xom.
  9024 | D:9      | Offered knowledge of Spellforged Servitor by Vehumet.
  9397 | D:9      | Reached skill level 5 in Fighting
  9398 | D:9      | Reached skill level 9 in Earth Magic
  9398 | D:9      | Reached skill level 5 in Armour
  9442 | D:9      | Noticed a three-headed hydra
  9447 | D:9      | Killed a three-headed hydra
  9447 | D:9      | Reached XP level 11. HP: 66/70 MP: 9/21
  9546 | D:9      | Reached skill level 5 in Maces & Flails
  9943 | D:9      | Found a hazy altar of Hepliaklqana.
  9970 | D:10     | Entered Level 10 of the Dungeon
  9970 | D:10     | Noticed an unseen horror
  9973 | D:10     | Killed an unseen horror
 10103 | D:10     | Found a staircase to the Orcish Mines.
 10114 | D:10     | Noticed an unseen horror
 10118 | D:10     | Killed an unseen horror
 10597 | D:10     | Reached skill level 5 in Evocations
 10618 | D:10     | Found a staircase to the Lair.
 10926 | D:11     | Got a dazzling leather armour
 10965 | D:11     | Noticed a six-headed hydra
 10970 | D:11     | Killed a six-headed hydra
 10970 | D:11     | Reached skill level 5 in Dodging
 11245 | D:11     | Got a dazzling rapier
 11246 | D:11     | Identified the +7 rapier "Xatzuri" {drain, Int+4 SInv} (You
                  | found it on level 11 of the Dungeon)
 11332 | D:11     | Identified the +6 leather armour of Tender Moments {*Drain
                  | rPois Int+9 Stlth+} (You found it on level 11 of the
                  | Dungeon)
 11367 | D:11     | Reached skill level 10 in Earth Magic
 11473 | D:11     | Noticed a green ugly thing
 11479 | D:11     | Killed a green ugly thing
 11502 | D:11     | Reached XP level 12. HP: 78/78 MP: 18/23
 11796 | D:12     | Noticed Fannar
 11804 | D:12     | Killed Fannar
 11933 | D:12     | Noticed Jorgrun
 11952 | D:12     | Killed Jorgrun
 12138 | D:12     | Got a twisted long sword
 12139 | D:12     | Identified the +4 long sword of Embarrassment {vorpal,
                  | rElec MR- Int+3} (You found it on level 12 of the Dungeon)
 12521 | D:12     | Mangled by an enormous slime creature

Levels and vault maps discovered:
D:1:      eino_arrival_tree_alley, layout_loops_ring
D:2:      layout_rooms, nicolae_overflow_crystal_walls, uniq_crazy_yiuf_cottage
D:3:      minmay_bubble_buster, layout_basic, uniq_sigmund, uniq_ijyb
D:4:      layout_basic, grunt_temple_overflow_growth_and_decay,
          nicolae_gozag_cash_rules_everything_around_me,
          eat_drink_and_be_merry_uskayaw, first_ration, serial_shops,
          nicolae_shop_temple_entry_statues_fountains, hangedman_decor_lopped
D:5:      old_forge, layout_cave_pools, yredelemnul_altar_generic,
          minmay_temple_entry_butterflies, uniq_blork_the_orc
D:6:      layout_rooms, kennysheep_little_box, serial_shops, shop, shop,
          ebering_ghost_rock_garden
D:7:      layout_basic, enter_ossuary_1, uniq_duvessa, uniq_pikel
D:8:      layout_rooms
D:9:      layout_roguey, minmay_overflow_temple_star_hex,
          lemuel_coloured_pillars_altar, hangedman_ranch
          [blue_anna_fruit_fields]
D:10:     layout_rooms, grunt_lair_entry_orc_guard_hut, orc_0_dummy,
          serial_rivers, chequers_serial_rivers_large_b,
          chequers_serial_rivers_micro_d, chequers_serial_rivers_small_3,
          chequers_serial_rivers_micro_d, chequers_serial_rivers_micro_b
D:11:     layout_loops_ring
D:12:     layout_gridville, uniq_fannar, uniq_jorgrun
Temple:   jpeg_temple_island

Skill      XL: |  1  2  3  4  5  6  7  8  9 10 11 12 |
---------------+-------------------------------------+-----
Earth Magic    | 4 5 6 7 8 9 10 | 10.5
Spellcasting   | 3 4 5 6 7 |  7.9
Conjurations   | 1 2 3 4 5 6 7 8 |  8.7
Armour         | 1 2 3 5 6 |  6.0
Fighting       | 2 4 5 6 7 |  7.3
Maces & Flails | 2 3 4 6 |  6.7
Dodging        | 2 3 4 5 |  5.7
Evocations     | 2 3 4 5 6 |  6.0
Stealth        | |  2.1
Transmutations | |  0.7

Action                   |  1- 3 |  4- 6 |  7- 9 | 10-12 || total
-------------------------+-------+-------+-------+-------++-------
Melee: Club              |    65 |       |       |       ||    65
       Short sword       |   101 |   182 |   140 |       ||   423
       Flail             |       |       |   325 |   192 ||   517
       Executioner's axe |       |       |     5 |       ||     5
       Peck              |       |       |    17 |    53 ||    70
       Morningstar       |       |       |       |    68 ||    68
       Rapier            |       |       |       |    38 ||    38
 Cast: Sandblast         |    17 |    37 |   102 |   101 ||   257
       Stone Arrow       |       |     2 |    28 |    31 ||    61
       Lee's Rapid Decon |       |     1 |     9 |    25 ||    35
  Use: Scroll            |       |    13 |    11 |     5 ||    29
       Potion            |       |     2 |     1 |     3 ||     6
 Stab: Sleeping          |     3 |     2 |     6 |     9 ||    20
       Distracted        |       |       |       |     1 ||     1
  Eat: Chunk             |     4 |     6 |    15 |    19 ||    44
       Ration            |       |       |     1 |     1 ||     2
Armor: Robe              |    86 |    72 |   187 |   171 ||   516
       Skin              |       |     2 |       |       ||     2
       Leather armour    |       |       |   104 |    31 ||   135
Dodge: Dodged            |   173 |   163 |   384 |   286 ||  1006

Table legend:
 A = Non-vault XP
 B = Vault XP
 C = Vault XP percentage of total XP
 D = Non-vault monster count
 E = Vault monster count
 F = Vault count percentage of total count
                 A         B        C        D         E       F
            +---------+---------+-------+---------+---------+-------
      Total |   16494 |    8988 |  35.3 |     258 |      99 |  27.7
            +---------+---------+-------+---------+---------+-------
        D:1 |      52 |       0 |   0.0 |      24 |       0 |   0.0
        D:2 |      42 |      42 |  50.0 |      23 |       1 |   4.2
        D:3 |     124 |     426 |  77.5 |      29 |      15 |  34.1
        D:4 |     495 |       0 |   0.0 |      22 |       0 |   0.0
        D:5 |     326 |     458 |  58.4 |      15 |       9 |  37.5
        D:6 |     929 |       0 |   0.0 |      17 |       0 |   0.0
        D:7 |     728 |     899 |  55.3 |      21 |       3 |  12.5
        D:8 |     983 |       0 |   0.0 |      19 |       0 |   0.0
        D:9 |    2848 |    2213 |  43.7 |      33 |       8 |  19.5
       D:10 |    3644 |     563 |  13.4 |      18 |       4 |  18.2
       D:11 |    3935 |       0 |   0.0 |      26 |       0 |   0.0
       D:12 |    2388 |    4173 |  63.6 |      11 |       2 |  15.4
    Ossuary |       0 |     214 | 100.0 |       0 |      57 | 100.0
            +---------+---------+-------+---------+---------+-------
